 Dungeon Crawl Stone Soup version 0.32-a0-999-gfa1cc04b1d (webtiles) character file.

Game seed: 15060739868137676565

3587 DrKenneth the Protected (level 9, 0/83 HPs)
             Began as a Minotaur Fighter on Apr 25, 2024.
             Was a Follower of Makhleb.
             Slain by a yak (6 damage)
             ... on level 8 of the Dungeon.
             The game lasted 00:19:10 (7097 turns).

DrKenneth the Protected (Minotaur Fighter)          Turns: 7097, Time: 00:19:11

Health: 0/83       AC: 13    Str: 25    XL:     9   Next: 85%
Magic:  8/8        EV:  9    Int:  5    God:    Makhleb [*.....]
Gold:   258        SH:  5    Dex: 10    Spells: 8/8 levels left

rFire   . . .        a - +1 war axe
rCold   . . .        c - +0 buckler
rNeg    . . .        b - +0 scale mail
rPois   +            p - +1 hat
rElec   .            (no cloak)
rCorr   .            (no gloves)
SInv    .            (no boots)
Will    .....        B - amulet of regeneration Stlth
                     n - +4 ring of protection
HPRegen 1.13/turn    q - ring of poison resistance
MPRegen 0.11/turn

%: no passive effects
@: mighty
A: horns 2, retaliatory headbutt
a: Renounce Religion


You were on level 8 of the Dungeon.
You worshipped Makhleb.
Makhleb was aware of your devotion.
You visited 2 branches of the dungeon, and saw 9 of its levels.

You collected 314 gold pieces.
You spent 56 gold pieces at shops.

Inventory:

Hand Weapons
 a - a +1 war axe (weapon)
 j - a +4 halberd
Missiles
 D - a throwing net (quivered)
Armour
 b - a +0 scale mail (worn)
 c - a +0 buckler (worn)
 p - a +1 hat (worn)
Jewellery
 n - a +4 ring of protection (left hand)
 q - a ring of poison resistance (right hand)
 w - an amulet of faith
 B - an amulet of regeneration (around neck)
Wands
 A - a wand of polymorph (9)
 C - a wand of roots (8)
Scrolls
 e - 3 scrolls of vulnerability
 f - a scroll of silence
 i - a scroll of poison
 k - a scroll of identify
 r - a scroll of revelation
 u - a scroll of fear
 z - a scroll of enchant armour
Potions
 d - a potion of might
 g - a potion of attraction {unknown}
 h - 3 potions of resistance
 m - 4 potions of curing
 o - a potion of haste {unknown}
 s - a potion of cancellation {unknown}
 t - a potion of magic {unknown}
 v - 3 potions of heal wounds {unknown}
 x - a potion of invisibility {unknown}


   Skills:
 + Level 9.2 Fighting
 + Level 8.8 Axes
 + Level 9.3 Armour
 + Level 9.2 Shields


You had 8 spell levels left.
You didn't know any spells.
Your spell library contained the following spells:

 Spells                   Type           Power      Damage    Failure   Level
 Sandblast                Erth           0%         2d4       77%         1
 Cigotuvi's Dreadful Rot  Necr/Alch/Air  0%         N/A       88%         2
 Passwall                 Erth           0%         N/A       98%         3
 Stone Arrow              Conj/Erth      0%         3d7       98%         3
 Ignite Poison            Fire/Alch      0%         N/A       100%        4
 Freezing Cloud           Conj/Ice/Air   0%         6-21      100%        5


Dungeon Overview and Level Annotations

Branches:
Dungeon (8/15)             Temple (1/1) D:6
   Lair: D:8-11

Altars:
Ashenzari
Cheibriados
Dithmenos
Elyvilon
Fedhas
Gozag
Hepliaklqana
Kikubaaqudgha
Makhleb
Nemelex Xobeh
Okawaru
Qazlal
Ru
Sif Muna
Trog
Uskayaw
Wu Jian
Xom
Yredelemnul
Zin
The Shining One

Shops:
D:1 (   D:4 [

Portals:
Abyss: D:5

Annotations:
D:5 2 transporters, inkslinger's ghost, novice VSGl


Innate Abilities, Weirdness & Mutations

You have a pair of horns on your head.
You reflexively headbutt those who attack you in melee.


Message History

You hit the yak but do no damage. x2; You slash the yak! x2
The yak barely misses you. x2; You block the yak's attack.
The yak gores you! The yak gores you.
You slash the yak! Your headbutt misses the yak.
The yak is severely wounded.
You hit the yak. x3; You barely miss the yak.
The yak gores you but does no damage. You block the yak's attack.
The yak gores you!
* * * LOW HITPOINT WARNING * * *
The yak barely misses you. You block the yak's attack.
You feel very mighty all of a sudden. The yak barely misses you.
You furiously retaliate!
You headbutt the yak! The yak gores you!
* * * LOW HITPOINT WARNING * * *
You block the yak's attack. x2; The yak barely misses you.
You closely miss the yak.
The yak is heavily wounded.
You hit the yak. You barely miss the yak. You slash the yak!
You slice the yak!!
You kill the yak!
Makhleb accepts your kill. The yak barely misses you.
The yak closely misses you. You furiously retaliate!
You headbutt the yak! You block the yak's attack. The yak gores you.
* * * LOW HITPOINT WARNING * * *
Your Fighting skill increases to level 9!
Your Shields skill increases to level 9!
You slash the yak! You headbutt the yak!
You kill the yak!
Makhleb accepts your kill.
You hit the yak. You slash the yak! You barely miss the yak.
The yak barely misses you. You furiously retaliate!
You headbutt the yak!! You block the yak's attack. The yak gores you.
* * * LOW HITPOINT WARNING * * *
You slash the yak!
You kill the yak!
Makhleb accepts your kill.
You barely miss the yak. x2; The yak closely misses you.
The yak gores you.
* * * LOW HITPOINT WARNING * * *
The yak gores you.
You die...

.##...!.####.#######
..+..........#.....#
.##..........'<....#
.##.....###..#.....#
.####)#.# #..#.....#
.# #.#.##..##.$...#
.# #.#.##..##.....#
.# ........##$.Y..#
.# ..#.###.##..@Y.#
.# .#...#
#.##........# .. ...
#........+ .#
#.?......# .#
##.......# #.......#
#.......# #.......#


You could see 2 yaks.

Vanquished Creatures
  A kobold demonologist (D:6)
  3 yaks (D:8)
  A steam dragon (D:8)
  2 water moccasins
  A sky beast (D:7)
  4 black bears
  An ogre (D:5)
  3 phantoms
  3 bullfrogs
  A scorpion (D:6)
  4 wights
  6 howler monkeys
  3 bombardier beetles
  5 gnoll boudas
  4 orc priests
  6 hounds
  5 iguanas
  3 orc wizards
  12 adders
  11 gnolls
  A shadow imp (D:6)
  2 white imps (D:6)
  2 ufetubi
  An adder skeleton (D:2)
  A ribbon worm (D:2)
  2 dart slugs (D:4)
  19 orcs
  2 bat zombies (D:2)
  5 endoplasms
  4 giant cockroaches
  9 goblins
  13 hobgoblins
  5 quokkas
  9 ball pythons
  2 bats (D:1)
  A frilled lizard (D:2)
  7 kobolds
164 creatures vanquished.

Vanquished Creatures (collateral kills)
  An orc wizard (D:4)
  3 orcs (D:4)
  A goblin (D:4)
5 creatures vanquished.

Vanquished Creatures (others)
  A scorpion (D:4)
  An orc (D:7)
  A kobold (D:4)
3 creatures vanquished.

Grand Total: 172 creatures vanquished

Notes
Turn   | Place    | Note
-------+----------+-------------------------------------------
     0 | D:1      | DrKenneth the Minotaur Fighter began the quest for the Orb.
     0 | D:1      | Reached XP level 1. HP: 19/19 MP: 0/0
    52 | D:1      | Found Yduyqu's Antique Weapon Emporium.
   145 | D:1      | Reached XP level 2. HP: 27/27 MP: 1/1
   651 | D:2      | Reached XP level 3. HP: 28/33 MP: 2/2
   853 | D:2      | Found a faded altar of an unknown god.
   934 | D:2      | Reached XP level 4. HP: 41/41 MP: 3/3
  2189 | D:3      | Reached XP level 5. HP: 44/47 MP: 4/4
  2524 | D:4      | Noticed an animated shadow dragon scales
  2526 | D:4      | Found Vettos's Armour Boutique.
  2526 | D:4      | Noticed a black bear
  2528 | D:4      | Noticed an animated plate armour
  2535 | D:4      | Killed a black bear
  2536 | D:4      | Reached skill level 5 in Fighting
  2536 | D:4      | Reached skill level 5 in Armour
  2536 | D:4      | Reached skill level 5 in Shields
  2539 | D:4      | Reached XP level 6. HP: 36/56 MP: 5/5
  2614 | D:4      | Bought a +0 hat for 56 gold pieces
  2976 | D:4      | Found a white marble altar of Elyvilon.
  3306 | D:4      | Found a shimmering altar of Xom.
  3320 | D:4      | Reached skill level 5 in Axes
  3320 | D:4      | Reached XP level 7. HP: 62/62 MP: 6/6
  3652 | D:5      | Entered Level 5 of the Dungeon
  4086 | D:5      | Reached XP level 8. HP: 71/71 MP: 7/7
  4226 | D:5      | Found a transporter.
  4281 | D:5      | Found a one-way gate to the infinite horrors of the Abyss.
  4281 | D:5      | Noticed inkslinger's ghost (novice VSGl)
  4282 | D:5      | Found a transporter.
  5010 | D:6      | Found a shadowy altar of Dithmenos.
  5010 | D:6      | Found a burning altar of Makhleb.
  5033 | D:6      | Became a worshipper of Makhleb the Destroyer
  5184 | D:6      | Found a stormy altar of Qazlal.
  5267 | D:6      | Noticed a kobold demonologist
  5309 | D:6      | Killed a kobold demonologist
  5310 | D:6      | Reached XP level 9. HP: 81/81 MP: 8/8
  5620 | D:6      | Found a staircase to the Ecumenical Temple.
  5633 | Temple   | Entered the Ecumenical Temple
  6292 | D:7      | Reached * piety under Makhleb
  6618 | D:7      | Found a glowing golden altar of the Shining One.
  6804 | D:7      | Found a basalt altar of Yredelemnul.
  6943 | D:7      | Noticed an angel
  6953 | D:7      | Noticed a profane servitor
  7097 | D:8      | Slain by a yak

Illustrated notes

Levels and vault maps discovered:
D:1:      heliophobic_arrival_enchanted_forest, layout_basic, serial_shops,
          nicolae_shop_trees
D:2:      layout_basic, shapermc_ecumenical_altar_venn, serial_undead,
          serial_undead_b, serial_undead_d, serial_undead_e, serial_undead_a,
          serial_bayou_lake_a
D:3:      layout_loops_corners
D:4:      layout_basic, overflow_temple_1_default, xom_confusion_cloud,
          serial_shops, nicolae_shop_mannequins
D:5:      layout_rooms, gammafunk_ghost_abyssal_escape
D:6:      minmay_chambers_of_fours, layout_layer_cave,
          mainiacjoe_overflow_catwalk_spiral, mainiacjoe_overflow_chevrons,
          temple_green
D:7:      layout_basic, grunt_temple_overflow_holy_war
D:8:      layout_basic, uniq_jeremiah
Temple:   nicolae_temple_bog_church

Skill      XL: |  1  2  3  4  5  6  7  8  9 |
---------------+----------------------------+-----
Fighting       | 4 5 6 8 9 |  9.2
Shields        | 4 5 6 8 9 |  9.2
Armour         | 4 5 6 8 9 |  9.3
Axes           | 3 4 5 7 8 |  8.8

Action                     |  1- 3 |  4- 6 |  7- 9 || total
---------------------------+-------+-------+-------++-------
  Melee: War axe           |    59 |    93 |   283 ||   435
         Headbutt          |     2 |    12 |    49 ||    63
    Use: Scroll            |       |     4 |    15 ||    19
         Potion            |       |       |     1 ||     1
 Armour: Scale mail        |    52 |    77 |   275 ||   404
  Dodge: Dodged            |    33 |    42 |   148 ||   223
  Block: Buckler           |     8 |    20 |    99 ||   127

Table legend: (Time is in decaauts)
 A = Elapsed time spent in this place.
 B = Non-inter-level travel time spent in this place.
 C = Inter-level travel time spent in this place.
 D = Time resting spent in this place.
 E = Time spent auto-exploring this place.
 F = Levels seen in this place.
 G = Mean time per level.
                   A        B        C        D        E       F      G
               +--------+--------+--------+--------+--------+-----+--------+
         Total |   7219 |   6509 |    710 |    937 |   4365 |   9 |  802.1 |
       Dungeon |   7217 |   6507 |    710 |    937 |   4365 |   8 |  902.1 |
        Temple |      1 |      1 |      0 |      0 |      0 |   1 |    1.0 |
               +--------+--------+--------+--------+--------+-----+--------+

Top non-repeatable levels by time:
     D:6: 1519 daAuts
     D:4: 1188 daAuts
     D:2: 1031 daAuts
     D:5: 940 daAuts
     D:7: 901 daAuts
     D:3: 856 daAuts
     D:1: 650 daAuts
     D:8: 128 daAuts
  Temple: 1 daAuts
